 Dungeon Crawl Stone Soup version 0.24.0-29-g8ce449bc06 (webtiles) character file.

Game seed: 4110287342814726115, levelgen mode: deterministic

757 Bombadil the Changer (level 7, -15/51 HPs)
             Began as a Merfolk Transmuter on Nov 15, 2019.
             Was an Initiate of Uskayaw.
             Killed from afar by Grinder the hell hog (40 damage)
             ... with a fireball
             ... on level 4 of the Dungeon.
             The game lasted 00:14:50 (5106 turns).

Bombadil the Changer (Merfolk Transmuter)           Turns: 5106, Time: 00:14:51

Health: -15/51     AC:  6    Str: 11    XL:     7   Next: 79%
Magic:  5/12       EV: 14    Int: 13    God:    Uskayaw [......]
Gold:   152        SH:  0    Dex: 15    Spells: 2/13 levels left

rFire    . . .     SeeInvis .     - Unarmed
rCold    . . .     Gourm    .   (no shield)
rNeg     . . .     Faith    .   b - +0 robe
rPois    .         Spirit   .   (no helmet)
rElec    .         Reflect  .   (no cloak)
rCorr    .         Harm     +   D - +0 pair of gloves
MR       .....                  m - +2 pair of boots
Stlth    ++........             y - amulet of harm
HPRegen  0.17/turn              (no ring)
MPRegen  0.13/turn              (no ring)

@: no status effects
A: change form in water, swift swim, stealthy swim
a: Renounce Religion


You were on level 4 of the Dungeon.
You worshipped Uskayaw.
Uskayaw was noncommittal.
You were not hungry.

You visited 1 branch of the dungeon, and saw 6 of its levels.

You collected 152 gold pieces.

Inventory:

Missiles
 a - 59 arrows
Armour
 b - a +0 robe (worn)
 m - a +2 pair of boots (worn)
 D - a +0 pair of gloves (worn)
Jewellery
 y - an amulet of harm (around neck)
 A - a cursed ring of resist corrosion {unknown}
Wands
 w - a wand of polymorph (9)
 C - a wand of scattershot (6)
Scrolls
 c - a scroll of blinking {unknown}
 h - 2 scrolls of noise {unknown}
 i - 2 scrolls of remove curse {unknown}
 k - a scroll of enchant weapon {unknown}
 l - a scroll of random uselessness {unknown}
 n - 2 scrolls of fog {unknown}
 o - 4 scrolls of teleportation {unknown}
 q - 2 scrolls of immolation {unknown}
 t - 2 scrolls of fear {unknown}
 u - 7 scrolls of identify {unknown}
 v - 2 scrolls of amnesia {unknown}
 x - a scroll of enchant armour {unknown}
 E - a scroll of magic mapping {unknown}
Potions
 e - a potion of might
 g - a potion of berserk rage {unknown}
 j - 3 potions of lignification {unknown}
 p - a potion of heal wounds {unknown}
 r - a potion of ambrosia
 s - a potion of cancellation {unknown}
 z - a potion of degeneration {unknown}
 B - a potion of curing
Comestibles
 d - 12 rations
 f - 4 chunks of flesh


   Skills:
 + Level 2.8 Fighting
 + Level 4.2 Dodging
 + Level 2.1 Stealth
 + Level 5.7 Unarmed Combat
 + Level 3.6 Spellcasting
 + Level 6.0 Transmutations
 + Level 2.2 Poison Magic


You had 2 spell levels left.
You knew the following spells:

 Your Spells              Type           Power        Failure   Level  Hunger
a - Beastly Appendage     Tmut           ###...       1%          1    #......
b - Spider Form           Tmut/Pois      ##........   12%         3    ###....
c - Sticks to Snakes      Tmut           ###.....     2%          2    ##.....
d - Blade Hands           Tmut           ###.......   45%         5    ######.

Your spell library contained the following spells:

 Spells                   Type           Power        Failure   Level  Hunger
 Ice Form                 Ice/Tmut       ##......     54%         4    #####..


Dungeon Overview and Level Annotations

Branches:
Dungeon (6/15)
 Temple: D:4-7

Altars:
Fedhas
Kikubaaqudgha
Qazlal
Ru
Uskayaw
The Shining One

Annotations:
D:4 Grinder


Message History

Your +0 pair of gloves unmelds from your body.
Your +2 pair of boots unmelds from your body.
Your +0 robe unmelds from your body.
Your amulet of harm unmelds from your body.
Evoke which item? (* to show all) (? for menu, Esc to quit)
Aiming: Polymorph
Press: ? - help, Shift-Dir - straight line, f/p - Grinder
Aim: Grinder the efreet (chance to defeat MR: 46%) Grinder the efreet evaporates and reforms as a hell hog!
Grinder breathes fire at you.
The fireball explodes!
The fireball engulfs you!!
Ouch! That really hurt!
There is a stone staircase leading up here.
Grinder closely misses you. Grinder misses you.
You climb upwards.
There is a stone staircase leading down here.
Grinder breathes fire at you.
The fireball explodes!
The fireball engulfs you!!
Ouch! That really hurt!
You die...

########## #........###########
##########.######...........#
..............h>@...#######.###
##########.########...........#
................# #########.#.#
#########.....#.# #.#.# #
#..##...# #.#.# # #..###..##
#.#.# # #........# #.#.#
#.####...##########.#.# #.#
#................#


You could see Grinder the hell hog.

Vanquished Creatures
  2 phantoms (D:4)
  Blork the orc (D:5)
  A bullfrog (D:6)
  A scorpion (D:4)
  Jessica (D:3)
  2 orc wizards
  Natasha (thrice) (D:3)
  4 worker ants (D:4)
  A worker ant zombie (D:5)
  4 adders
  4 worms
  3 dart slugs
  5 leopard geckos
  9 orcs
  4 giant cockroaches
  13 goblins
  8 hobgoblins
  3 jackals (D:1)
  3 quokkas
  4 ball pythons
  6 bats
  6 frilled lizards
  4 kobolds
  7 rats
99 creatures vanquished.

Notes
Turn   | Place    | Note
-------+----------+-------------------------------------------
     0 | D:1      | Bombadil the Merfolk Transmuter began the quest for the
                  | Orb.
     0 | D:1      | Reached XP level 1. HP: 15/15 MP: 3/3
   210 | D:1      | Reached XP level 2. HP: 20/21 MP: 3/5
   520 | D:1      | Reached skill level 3 in Transmutations
   858 | D:1      | Reached XP level 3. HP: 24/26 MP: 4/6
  1064 | D:1      | Learned a level 3 spell: Spider Form
  1550 | D:2      | Found a stormy altar of Qazlal.
  2039 | D:2      | Reached XP level 4. HP: 28/32 MP: 5/7
  2594 | D:3      | Found a glowing golden altar of the Shining One.
  2683 | D:3      | Noticed Jessica
  2691 | D:3      | Killed Jessica
  2749 | D:3      | Noticed Natasha
  2755 | D:3      | Killed Natasha
  2755 | D:3      | Reached skill level 4 in Transmutations
  2755 | D:3      | Reached XP level 5. HP: 29/37 MP: 4/8
  2792 | D:3      | Learned a level 2 spell: Sticks to Snakes
  3188 | D:3      | Found an ancient bone altar of Kikubaaqudgha.
  3581 | D:3      | Found a blossoming altar of Fedhas.
  3614 | D:3      | Noticed Natasha
  3623 | D:3      | Killed Natasha
  3663 | D:3      | Noticed Natasha
  3682 | D:3      | Killed Natasha
  3713 | D:4      | Noticed a phantom
  3802 | D:4      | Reached XP level 6. HP: 45/46 MP: 7/10
  3848 | D:4      | Noticed a phantom
  3879 | D:4      | Killed a phantom
  3879 | D:4      | Reached skill level 5 in Transmutations
  3912 | D:3      | Learned a level 5 spell: Blade Hands
  3985 | D:4      | Killed a phantom
  3985 | D:4      | Reached skill level 1 in Stealth
  3985 | D:4      | Reached skill level 5 in Unarmed Combat
  4096 | D:4      | Found a sacrificial altar of Ru.
  4102 | D:4      | Reached XP level 7. HP: 51/51 MP: 7/11
  4469 | D:4      | Reached skill level 1 in Poison Magic
  4488 | D:4      | Found a hide-covered altar of Uskayaw.
  4587 | D:4      | Became a worshipper of Uskayaw the Reveler
  4707 | D:5      | Entered Level 5 of the Dungeon
  4712 | D:5      | Reached * piety under Uskayaw
  4753 | D:5      | Noticed Grinder
  4865 | D:5      | Noticed Blork the orc
  4875 | D:5      | Killed Blork the orc
  4991 | D:5      | You fall into a shaft and drop 1 floor!
  5008 | D:6      | Reached skill level 6 in Transmutations
  5008 | D:6      | Reached ** piety under Uskayaw
  5098 | D:5      | Noticed Grinder
  5098 | D:5      | Grinder changed into Grinder the efreet
  5099 | D:5      | Noticed Grinder
  5099 | D:5      | Grinder the efreet changed into Grinder the hell hog
  5106 | D:4      | Killed from afar by Grinder the hell hog

Levels and vault maps discovered:
D:1:      dpeg_arrival_solitude, layout_basic
D:2:      layout_basic, old_standard_altar, serial_bayou, serial_bayou_pond_a,
          serial_bayou_pond_b, serial_bayou_crossing, serial_bayou_lagoon_a
D:3:      layout_loops_corners, nicolae_tso_carved_into_rock,
          kiku_gazebo_pond_becter, fedhas_altar_4, first_ration, uniq_natasha,
          uniq_jessica
D:4:      lemuel_upstairs_altar, layout_loops_ring, lemuel_crystal_altar,
          nicolae_ru_great_annihilating_truth
D:5:      layout_cave_pools, uniq_blork_the_orc, uniq_crazy_yiuf_cottage,
          uniq_grinder
D:6:      layout_cave_pools, kennysheep_mini, grunt_temple_overflow_open,
          uniq_pikel

Skill      XL: |  1  2  3  4  5  6  7 |
---------------+----------------------+-----
Unarmed Combat | 4 5 |  5.7
Transmutations | 3 4 5 6 |  6.0
Dodging        | 3 4 |  4.2
Fighting       | 2 |  2.8
Spellcasting   | 3 |  3.6
Stealth        | 1 2 |  2.1
Poison Magic   | 2 |  2.2

Action                   |  1- 3 |  4- 6 |  7- 9 || total
-------------------------+-------+-------+-------++-------
Melee: Unarmed           |   137 |   132 |    68 ||   337
       Headbutt          |    17 |     8 |     1 ||    26
       Punch             |     1 |     1 |     1 ||     3
       Tailslap          |       |     1 |       ||     1
 Cast: Beastly Appendage |    28 |    18 |     8 ||    54
       Spider Form       |     2 |     6 |     9 ||    17
       Blade Hands       |       |     1 |     1 ||     2
Invok: Stomp             |       |       |     3 ||     3
Evoke: Wand              |       |       |     3 ||     3
  Use: Potion            |       |     3 |       ||     3
 Stab: Sleeping          |       |       |     2 ||     2
       Paralysed         |       |       |     1 ||     1
  Eat: Chunk             |     5 |     6 |     7 ||    18
Armor: Robe              |    30 |    19 |     3 ||    52
       Skin              |       |     1 |     2 ||     3
Dodge: Dodged            |   137 |    76 |    61 ||   274
